 Dungeon Crawl Stone Soup version 0.28.0-43-g3370ac3207 (webtiles) character file.

Game seed: 10014048324755465979

62881 demenzo the Executioner (level 14, -4/136 HPs)
             Began as a Minotaur Cinder Acolyte on Mar 8, 2022.
             Was a Believer of Ignis.
             Slain by a skeletal warrior
             ... wielding a +0 scimitar
              (20 damage)
             ... on level 12 of the Dungeon on Mar 9, 2022.
             The game lasted 00:32:06 (18396 turns).

demenzo the Executioner (Minotaur Cinder Acolyte)  Turns: 18396, Time: 00:32:07

Health: -4/136     AC: 16    Str: 25    XL:     14   Next: 66%
Magic:  14/14      EV: 10    Int: 20    God:    Ignis [**....]
Gold:   1856       SH:  0    Dex: 11    Spells: 15/15 levels left

rFire   + + +      SeeInvis .   a - +5 executioner's axe of Integrity {vamp, rF++ Int+3 Dex+4}
rCold   . . .      Faith    .   (shield currently unavailable)
rNeg    + . .      Spirit   .   A - +0 plate armour {rPois}
rPois   +          Reflect  .   e - +1 hat
rElec   .          Harm     .   Q - scarf {shadows}
rCorr   .          Rampage  .   g - +0 pair of gloves
Will    ++++.                   W - +0 pair of boots
Stlth   ..........              n - amulet of regeneration
HPRegen 1.12/turn               Z - +6 ring of intelligence
MPRegen 0.14/turn               r - ring of Idecocru {rN+ Will+++ Str+4 Dex-2}

@: about to teleport, corroded, fiery-armoured
A: horns 2, retaliatory headbutt
a: Renounce Religion, Fiery Armour, Foxfire Swarm


You were on level 12 of the Dungeon.
You worshipped Ignis.
Ignis was pleased with you.
You visited 2 branches of the dungeon, and saw 18 of its levels.

You collected 1856 gold pieces.

Inventory:

Hand Weapons
 a - the +5 executioner's axe of Integrity (weapon) {vamp, rF++ Int+3 Dex+4}
   (You acquired it on level 10 of the Dungeon)

   It occasionally heals its wielder for a portion of the damage dealt when it
   wounds a living foe.
   Int:       It affects your intelligence (+3).
   Dex:       It affects your dexterity (+4).
   rF:        It greatly protects you from fire.
 b - the +6 trident "Peodoen" {venom, rElec}
   (You found it on level 5 of the Dungeon)

   It poisons the flesh of those it strikes.
   rElec:     It insulates you from electricity.
 q - a +0 hand axe of flaming
Missiles
 h - 6 datura-tipped darts (quivered)
 j - 305 arrows
 t - 12 boomerangs
 v - 52 poisoned darts
 w - 7 curare-tipped darts
 C - 10 silver javelins
Armour
 e - a +1 hat (worn)
 g - a +0 pair of gloves (worn)
 k - a +0 chain mail
 y - a +0 robe
 A - a +0 plate armour of poison resistance (worn)
 Q - a scarf of shadows (worn)
 W - a +0 pair of boots (worn)
 Y - +0 acid dragon scales
Jewellery
 n - an amulet of regeneration (around neck)
 r - the ring of Idecocru (right hand) {rN+ Will+++ Str+4 Dex-2}
   (You acquired it on level 6 of the Lair of Beasts)

   [ring of positive energy]

   Str:       It affects your strength (+4).
   Dex:       It affects your dexterity (-2).
   rN:        It protects you from negative energy.
   Will:      It greatly increases your willpower.
 B - a ring of fire
 V - a ring of ice
 Z - a +6 ring of intelligence (left hand)
Wands
 E - a wand of flame (21)
 F - a wand of mindburst (7)
 G - a wand of paralysis (17)
 I - a wand of polymorph (21)
 O - a wand of charming (6)
 P - a wand of iceblast (3)
Scrolls
 l - 3 scrolls of enchant weapon
 m - a scroll of amnesia
 o - 4 scrolls of teleportation
 x - 2 scrolls of blinking
 D - 4 scrolls of fog
 J - a scroll of enchant armour
 L - 3 scrolls of summoning
 M - 4 scrolls of vulnerability
 N - 4 scrolls of identify
 T - a scroll of fear
 U - a scroll of magic mapping
Potions
 c - 7 potions of heal wounds
 d - a potion of haste
 f - 10 potions of ambrosia
 i - 11 potions of curing
 p - 2 potions of might
 s - 3 potions of attraction
 u - 2 potions of flight
 z - a potion of degeneration
 H - 2 potions of resistance
 K - a potion of cancellation
 R - a potion of magic
 S - a potion of invisibility
Miscellaneous
 X - a phial of floods


   Skills:
 + Level 15.6 Fighting
 * Level 21.1 Axes
 + Level 15.0 Armour
 + Level 6.7 Dodging
 - Level 1.0 Spellcasting
 - Level 2.1 Fire Magic


You had 15 spell levels left.
You didn't know any spells.
Your spell library contained the following spells:

 Spells                   Type           Power      Damage    Failure   Level
 Scorch                   Fire           18%        2d5       61%         2
 Magic Dart               Conj           4%         1d3       77%         1
 Sandblast                Erth           2%         2d4       77%         1
 Shock                    Conj/Air       4%         1d3       77%         1
 Call Imp                 Summ           1%         N/A       88%         2
 Passwall                 Tmut/Erth      0%         N/A       88%         2
 Searing Ray              Conj           2%         2d4       88%         2
 Static Discharge         Conj/Air       1%         N/A       88%         2
 Frozen Ramparts          Ice            2%         1d2       98%         3
 Mephitic Cloud           Conj/Pois/Air  1%         N/A       98%         3
 Ozocubu's Armour         Ice            1%         N/A       98%         3
 Stone Arrow              Conj/Erth      2%         3d7       98%         3
 Swiftness                Air            1%         N/A       98%         3
 Airstrike                Air            0%         N/A       100%        4
 Dispel Undead            Necr           1%         3d6       100%        4
 Fulminant Prism          Conj/Hex       0%         3d6       100%        4
 Ice Form                 Ice/Tmut       1%         N/A       100%        4
 Sticky Flame             Conj/Fire      5%         2d3       100%        4
 Summon Ice Beast         Ice/Summ       1%         N/A       100%        4
 Ozocubu's Refrigeration  Ice            0%         4d5       100%        7


Dungeon Overview and Level Annotations

Branches:
Dungeon (12/15)            Temple (0/1) D:4            Lair (6/6) D:10
 Shoals (0/4) Lair:2        Snake (0/4) Lair:2        Slime (0/5) Lair:6
    Orc (0/2) D:11

Altars:
Cheibriados
Dithmenos
Elyvilon
Nemelex Xobeh
Qazlal
Ru
Sif Muna
Uskayaw
Vehumet
Xom
Yredelemnul
Zin
Beogh

Shops:
D:5 :   D:9 (

Annotations:
D:6 exclusion: downstairs


Innate Abilities, Weirdness & Mutations

You have a pair of horns on your head.
You reflexively headbutt those who attack you in melee.


Message History

Okay, then.
The barbs in your skin will harm you if you move.
Continue?
The barbed spikes dig painfully into your body as you move.
There is an open door, spattered with blood here.
A protective cloak of flame settles atop you.
The skeletal warrior barely misses you.
Unknown command.
You hit the skeletal warrior.
The skeletal warrior is lightly damaged.
The skeletal warrior hits you with a +0 scimitar!
The skeletal warrior blocks your attack.
The skeletal warrior is lightly damaged.
The skeletal warrior hits you with a +0 scimitar!
* * * LOW HITPOINT WARNING * * *
The skeletal warrior is burned by your cloak of flames.
The skeletal warrior is lightly damaged.
You closely miss the skeletal warrior. You headbutt the skeletal warrior.
The skeletal warrior is lightly damaged.
The skeletal warrior closely misses you.
Unknown command.
The skeletal warrior blocks your attack.
You headbutt the skeletal warrior, but do no damage.
The skeletal warrior is lightly damaged.
The skeletal warrior hits you with a +0 scimitar.
* * * LOW HITPOINT WARNING * * *
The skeletal warrior is burned by your cloak of flames.
The skeletal warrior is lightly damaged.
You completely miss the skeletal warrior.
The skeletal warrior is lightly damaged.
You carefully extract the barbed spikes from your body.
Unknown command.
You cut the skeletal warrior into ribbons!!!
The skeletal warrior is severely damaged.
The skeletal warrior hits you with a +0 scimitar!!
* * * LOW HITPOINT WARNING * * *
Unknown command.
As you read the scroll of teleportation, it crumbles to dust.
You feel strangely unstable.
The skeletal warrior hits you with a +0 scimitar!!
You die...

#.........................#
#....#.........[..........#
##...#......#####..........
##........##!..##.).......
#.##.....#..!!(#.........
#..<.....#W([..#.........
##...#'#.#T{C..#.........
#..##.###{H9.##.........
#...#))(@z# #+#.##.......
#####..##.###J##...#.....##.
#####..##...### y.##........###
#..............# /..#.#.....####
#......##...#..# ...#.#.##......
##..........#..##..##...........
#...............####............
####.............................
#......................^.........


You could see a skeletal warrior, a slime creature, a manticore, a cyclops and a
gargoyle.

Vanquished Creatures
  Jorgrun (D:12)
  A minotaur (Lair:2)
  Azrael (D:12)
  Snorg (D:10)
  A fire dragon (D:12)
  6 hydras
  Harold (D:7)
  A catoblepas (D:12)
  An ogre mage (D:12)
  5 two-headed ogres
  Urug (D:11)
  Sonja (Lair:6)
  Nergalle (Lair:2)
  A goliath frog (Lair:6)
  Pikel (D:6)
  2 oklob plants
  2 ugly things (D:12)
  A manticore (D:11)
  A cyclops (D:12)
  6 black mambas
  2 torpor snails
  25 cane toads
  3 rime drakes
  14 komodo dragons
  A queen bee (Lair:3)
  3 trolls
  3 polar bears
  2 tyrant leeches
  Prince Ribbit (D:8)
  Grinder (D:6)
  10 slime creatures
  9 dream sheep
  39 blink frogs
  A meliai zombie (D:11)
  A snapping turtle (Lair:2)
  A vampire (D:9)
  2 shadows (D:10)
  A wraith (D:11)
  20 yaks
  5 fire elementals (D:12)
  2 basilisks
  3 wyverns
  5 vampire mosquitoes (Lair:6)
  2 steam dragons
  2 nagas (Lair:2)
  4 acid dragons
  21 water moccasins
  2 black bears (D:10)
  11 orc warriors
  An ice beast (D:7)
  A sky beast (D:6)
  An ogre (D:12)
  9 centaurs
  18 wolves
  6 kobold brigands
  22 bullfrogs
  A gnoll sergeant (D:6)
  4 scorpions
  37 killer bees
  A howler monkey (D:4)
  4 electric eels
  4 centaur zombies
  3 jellies
  7 orc priests
  3 bullfrog zombies
  3 hounds
  5 gnoll shamans
  A centaur skeleton (D:6)
  3 iguanas
  11 orc wizards
  2 hell rats (Lair:3)
  A killer bee zombie (D:8)
  A hound zombie (D:5)
  A hound skeleton (D:5)
  A howler monkey zombie (D:9)
  23 gnolls
  4 river rats (Lair:3)
  3 adders (D:3)
  A shadow imp (D:5)
  A white imp (D:5)
  An ufetubus (D:6)
  A worm (D:2)
  A dart slug (D:2)
  54 orcs
  2 bats
  10 endoplasms
  3 giant cockroaches
  5 goblins
  7 hobgoblins
  3 jackals (D:3)
  34 kobolds
  3 quokkas (D:1)
  6 ball pythons
  3 frilled lizards
  12 rats
  A butterfly (Lair:2)
561 creatures vanquished.

Vanquished Creatures (collateral kills)
  A cane toad (Lair:4)
1 creature vanquished.

Vanquished Creatures (others)
  54 foxfires
  68 fungi
  133 plants
255 creatures vanquished.

Grand Total: 817 creatures vanquished

Notes
Turn   | Place    | Note
-------+----------+-------------------------------------------
     0 | D:1      | demenzo the Minotaur Cinder Acolyte began the quest for the
                  | Orb.
     0 | D:1      | Reached XP level 1. HP: 19/19 MP: 1/1
   337 | D:1      | Reached skill level 4 in Axes
   337 | D:1      | Reached XP level 2. HP: 23/27 MP: 2/2
   905 | D:1      | Reached skill level 1 in Dodging
  1625 | D:2      | Reached XP level 3. HP: 28/33 MP: 3/3
  2413 | D:3      | Reached XP level 4. HP: 31/41 MP: 4/4
  2428 | D:3      | Reached skill level 5 in Axes
  2438 | D:3      | Reached skill level 1 in Armour
  3086 | D:4      | You fall into a shaft and drop 2 floors!
  3086 | D:6      | Noticed Pikel
  3086 | D:6      | Noticed a lemure
  3086 | D:6      | Noticed a lemure
  3086 | D:6      | Noticed a lemure
  3088 | D:6      | Noticed a lemure
  3090 | D:5      | Entered Level 5 of the Dungeon
  3090 | D:5      | Noticed an angel
  3090 | D:5      | Found a shimmering altar of Xom.
  3090 | D:5      | Found a glowing silver altar of Zin.
  3113 | D:5      | Reached XP level 5. HP: 43/47 MP: 5/5
  3168 | D:5      | Found Binuapam's Book Shop.
  3320 | D:6      | Reached skill level 5 in Fighting
  3320 | D:6      | Reached skill level 6 in Axes
  3372 | D:4      | Found a staircase to the Ecumenical Temple.
  3377 | D:4      | Reached XP level 6. HP: 53/56 MP: 6/6
  3526 | D:4      | Found a basalt altar of Yredelemnul.
  3878 | D:4      | Found a white marble altar of Elyvilon.
  3881 | D:4      | Found a sparkling altar of Nemelex Xobeh.
  3881 | D:4      | Found a shimmering blue altar of Sif Muna.
  3881 | D:4      | Found a snail-covered altar of Cheibriados.
  3903 | D:4      | Reached skill level 7 in Axes
  3907 | D:4      | Found a hide-covered altar of Uskayaw.
  3907 | D:4      | Found a radiant altar of Vehumet.
  3990 | D:4      | Reached XP level 7. HP: 59/62 MP: 7/7
  4210 | D:5      | Identified the +6 trident "Peodoen" {venom, rElec}
  4371 | D:5      | Found a shadowy altar of Dithmenos.
  4398 | D:5      | Reached skill level 8 in Axes
  4657 | D:6      | Reached XP level 8. HP: 66/71 MP: 8/8
  4727 | D:6      | Reached skill level 5 in Armour
  4793 | D:6      | Reached skill level 9 in Axes
  4999 | D:6      | Noticed Grinder
  5009 | D:6      | Paralysed by Grinder for 3 turns
  5018 | D:6      | Killed Grinder
  5019 | D:6      | Reached skill level 10 in Axes
  5155 | D:6      | Killed Pikel
  5156 | D:6      | Reached XP level 9. HP: 62/81 MP: 9/9
  5501 | D:6      | Found a sacrificial altar of Ru.
  5706 | D:7      | Noticed Harold
  5832 | D:7      | Reached skill level 11 in Axes
  5878 | D:7      | Killed Harold
  6039 | D:7      | Reached skill level 12 in Axes
  7045 | D:8      | Noticed Prince Ribbit
  7055 | D:8      | Killed Prince Ribbit
  7325 | D:8      | Found a stormy altar of Qazlal.
  7347 | D:8      | Noticed a troll
  7354 | D:8      | Killed a troll
  7355 | D:8      | Reached XP level 10. HP: 85/91 MP: 10/10
  7373 | D:8      | Found Odo Osi's Changing Room.
  7644 | D:9      | Noticed a two-headed ogre
  7673 | D:9      | Killed a two-headed ogre
  7674 | D:9      | Reached skill level 13 in Axes
  8158 | D:9      | Reached skill level 10 in Fighting
  8356 | D:9      | Found Loter's Weapon Shoppe.
  8808 | D:10     | Entered Level 10 of the Dungeon
  8836 | D:10     | Identified a scroll of acquirement
  8836 | D:10     | Acquired the +5 executioner's axe of Integrity {vamp, rF++
                  | Int+3 Dex+4}
  8853 | D:10     | Noticed Snorg
  8860 | D:10     | Killed Snorg
  8861 | D:10     | Reached skill level 14 in Axes
  9066 | D:10     | Reached XP level 11. HP: 92/101 MP: 11/11
  9073 | D:10     | Reached skill level 10 in Armour
  9090 | D:10     | Found a staircase to the Lair.
  9334 | D:11     | Noticed Urug
  9342 | D:11     | Killed Urug
  9481 | D:11     | Reached skill level 15 in Axes
  9564 | D:11     | Found a staircase to the Orcish Mines.
  9868 | D:11     | Noticed a seven-headed hydra
 10020 | D:11     | Killed a one-headed hydra
 10131 | Lair:1   | Entered Level 1 of the Lair of Beasts
 10166 | Lair:1   | Reached skill level 16 in Axes
 10808 | Lair:1   | Reached XP level 12. HP: 113/113 MP: 12/12
 11161 | Lair:2   | Found a staircase to the Snake Pit.
 11395 | Lair:2   | Noticed Nergalle
 11400 | Lair:2   | Killed Nergalle
 11578 | Lair:2   | Reached skill level 17 in Axes
 11915 | Lair:2   | Found a runed translucent door.
 11965 | Lair:2   | Found a staircase to the Shoals.
 12279 | Lair:2   | Noticed a minotaur
 12287 | Lair:2   | Killed a minotaur
 12297 | Lair:2   | Identified the +0 scale mail of the Meadowlark {Drain rPois
                  | Str+7}
 12674 | Lair:3   | Reached skill level 18 in Axes
 13555 | Lair:4   | Reached XP level 13. HP: 123/123 MP: 13/13
 14414 | Lair:5   | Reached skill level 19 in Axes
 15404 | Lair:6   | Entered Level 6 of the Lair of Beasts
 15572 | Lair:6   | Reached skill level 20 in Axes
 15789 | Lair:6   | Noticed Sonja
 15796 | Lair:6   | Killed Sonja
 15802 | Lair:6   | Reached XP level 14. HP: 133/133 MP: 14/14
 16003 | Lair:6   | Reached skill level 15 in Fighting
 16014 | Lair:6   | Reached skill level 5 in Dodging
 16165 | Lair:6   | Found a staircase to the Slime Pits.
 16683 | Lair:6   | Acquired the ring of Idecocru {rN+ Will+++ Str+4 Dex-2}
 17776 | D:12     | Noticed Azrael
 17784 | D:12     | Killed Azrael
 17791 | D:12     | Noticed Jorgrun
 17811 | D:12     | Killed Jorgrun
 18121 | D:12     | Reached skill level 21 in Axes
 18340 | D:12     | Reached skill level 15 in Armour
 18396 | D:12     | Slain by a skeletal warrior

Illustrated notes

Levels and vault maps discovered:
D:1:      lightli_iron_boxes, layout_loops_corners, st_stairs_8
D:2:      layout_rooms
D:3:      layout_basic
D:4:      layout_cave_pools, minmay_overflow_temple_hex,
          minmay_temple_entry_mist, serial_park, serial_park_paths
          [serial_park_minivault_5x5_1], serial_park_tiny_2, serial_park_gazebo
          [serial_park_minivault_5x5_2], serial_park_tiny_1, serial_park_square1
          [serial_park_minivault_5x5_5]
D:5:      layout_cave_pools, grunt_temple_overflow_order_and_chaos_1,
          nicolae_dithmenos_shadow_blocks, serial_shops, shop,
          nicolae_grassy_gnolls
D:6:      layout_basic, nicolae_ru_the_path_less_chosen, uniq_pikel,
          uniq_grinder
D:7:      layout_basic, minmay_misc_feat_tiny, uniq_harold
D:8:      layout_loops_cross, mainiacjoe_overflow_alcove_4,
          nicolae_transmutations_shop, uniq_prince_ribbit1
D:9:      layout_long_grid, serial_shops, kennysheep_mini_moat
D:10:     layout_basic, due_lair_maze_entry_diamond, uniq_snorg
D:11:     layout_rooms, david_orc_4, uniq_urug
D:12:     layout_cave_pools, special_room [special_room_orc],
          minmay_misc_feat_more_columns, eino_curves_04, minmay_joined_circles,
          uniq_jorgrun, uniq_azrael
Lair:1:   layout_cave_pods, grunt_megastairs_4
Lair:2:   dreamdust_labyrinth, layout_long_grid, minmay_shoals_entry_hut,
          guppyfry_snake_entry_island, infiniplex_staircase_pool_2,
          lemuel_fruit_fields, uniq_nergalle
Lair:3:   layout_roguey [special_room_bee], minivault_24,
          minmay_lair_oklob_items, kennysheep_abandoned_house,
          grunt_megastairs_5
Lair:4:   layout_cave_pods, nicolae_quartered_pool_little
Lair:5:   layout_regular_city, grunt_megastairs_1
Lair:6:   minmay_lair_end_frog_pond, layout_gridlike,
          minmay_slime_entry_pillars, grunt_megastairs_2, uniq_sonja

Skill      XL: |  1  2  3  4  5  6  7  8  9 10 11 12 13 14 |
---------------+-------------------------------------------+-----
Axes           | 4 5 6 7 8 10 12 14 16 18 20 21 | 21.1
Dodging        | 1 2 4 6 |  6.7
Fighting       | 4 5 6 8 9 10 12 13 14 15 | 15.6
Armour         | 1 2 3 4 6 8 9 11 13 14 15 | 15.0
Spellcasting   | |  1.0
Fire Magic     | |  2.1

Action                   |  1- 3 |  4- 6 |  7- 9 | 10-12 | 13-15 || total
-------------------------+-------+-------+-------+-------+-------++-------
Melee: Hand axe          |   108 |   164 |    22 |    18 |    18 ||   330
       Headbutt          |    14 |    30 |    26 |    80 |   117 ||   267
       Punch             |     1 |     1 |     3 |     2 |     3 ||    10
       Trident           |       |       |   235 |    93 |       ||   328
       Executioner's axe |       |       |       |   388 |   497 ||   885
Invok: Rising Flame      |       |     1 |       |       |       ||     1
       Foxfire Swarm     |       |       |     1 |     1 |     1 ||     3
       Fiery Armour      |       |       |       |     1 |     2 ||     3
Evoke: Wand              |       |       |       |     2 |     2 ||     4
  Use: Scroll            |       |       |       |    21 |     7 ||    28
       Potion            |       |       |       |     2 |     1 ||     3
 Stab: Distracted        |       |       |       |     1 |       ||     1
       Paralysed         |       |       |       |       |     2 ||     2
Armor: Robe              |    12 |       |       |       |       ||    12
       Chain mail        |    11 |   104 |    12 |       |       ||   127
       Plate armour      |       |       |   115 |   434 |   374 ||   923
       Acid dragon scale |       |       |       |       |    25 ||    25
Dodge: Dodged            |    53 |    64 |    69 |   267 |   285 ||   738
